 Dungeon Sprint DCSS version 0.23.1 (webtiles) character file.

Game seed: 7538902746956646041

23061 nuthulu the Brawler (level 12, -25/136 HPs)
             Began as a Troll Monk on Mar 6, 2019.
             Was the Champion of Qazlal.
             Annihilated by a spriggan defender
             ... wielding a +1 flail of protection
              (43 damage)
             ... in the Dungeon (Sprint IV: "Fedhas' Mad Dash").
             The game lasted 00:11:10 (3580 turns).

nuthulu the Brawler (Troll Monk)                    Turns: 3580, Time: 00:11:10

Health: -25/136    AC: 11    Str: 29    XL:     12   Next: 68%
Magic:  14/20      EV: 17    Int:  6    God:    Qazlal [******]
Gold:   218        SH:  0    Dex: 12    Spells: 11/11 levels left

rFire    . . .     SeeInvis +     - Unarmed
rCold    . . .     Gourm    +   m - +1 shield {reflect}
rNeg     . . .     Faith    .   c - +2 robe
rPois    .         Spirit   .   (helmet restricted)
rElec    +         Reflect  +   (no cloak)
rCorr    .         Harm     .   (gloves unavailable)
MR       .....     NoTele   +   (boots unavailable)
Stlth    +.........             i - amulet of invisibility {+Inv}
HPRegen  0.72/turn              d - ring "Boek" {rElec Str+3 SInv}
MPRegen  0.17/turn              (no ring)

@: confused, protected from physical damage, repel missiles
A: large, unfitting armour, claws 3, fast metabolism 3, gourmand, regeneration
1, shaggy fur 1, tough skin 3
a: Upheaval, Elemental Force, Disaster Area, Renounce Religion, Evoke
Invisibility


You were in the Dungeon.
You worshipped Qazlal.
Qazlal was exalted by your worship.
You were not hungry.

You visited 1 branch You collected 501 gold pieces.
You spent 283 gold pieces at shops.

Inventory:

Armour
 a - a +0 robe
 c - a +2 robe (worn)
 l - a +0 robe of fire resistance
 m - a +1 shield of reflection (worn)
Jewellery
 d - the ring "Boek" (left claw) {rElec Str+3 SInv}
   (You found it in the Dungeon)

   [ring of see invisible]

   It affects your strength (+3).
   It insulates you from electricity.
   It lets you see invisible.
 i - the amulet of invisibility (around neck) {+Inv}
   (You found it in the Dungeon)

   [amulet of nothing]

   It lets you turn invisible.
Scrolls
 h - a scroll of blinking
 k - a scroll of remove curse {unknown}
 n - a scroll of fog
Potions
 e - a potion of mutation {unknown}
 f - a potion of magic
 j - 2 potions of cancellation {unknown}
Comestibles
 b - a ration


   Skills:
 + Level 13.6 Fighting
 + Level 13.6 Dodging
 - Level 1.0 Stealth
 + Level 10.6 Shields
 + Level 15.7 Unarmed Combat
 + Level 13.2 Invocations


You had 11 spell levels left.
You didn't know any spells.
Your spell library contained the following spells:

 Spells                   Type           Power        Failure   Level  Hunger
 Confusing Touch          Hex            #.....       45%         1    ##.....
 Confuse                  Hex            #.......     83%         3    ####...
 Gell's Gravitas          Tloc           #.........   83%         3    ####...
 Petrify                  Tmut/Erth      #.......     99%         4    #####..
 Metabolic Englaciation   Hex/Ice        #.........   100%        5    ######.
 Yara's Violent Unravell  Hex/Tmut       #.........   100%        5    ######.


Dungeon Overview and Level Annotations

Branches:
Dungeon (1/1)

Altars:
Cheibriados
Dithmenos
Elyvilon
Gozag
Hepliaklqana
Kikubaaqudgha
Makhleb
Nemelex Xobeh
Okawaru
Qazlal
Ru
Sif Muna
Trog
Uskayaw
Vehumet
Wu Jian
Xom
Yredelemnul
Zin
The Shining One
Beogh
Jiyva
Lugonu

Shops:
D =%?*[%[*(*?((([::[![*

Annotations:
D exclusion: 3 oklob plants, the Enchantress


Innate Abilities, Weirdness & Mutations

You are too large for most types of armour.
You have claws for hands.
Your metabolism is lightning-fast.
You like to eat raw meat.
Your natural rate of healing is unusually fast.
You are covered in fur. (AC +1)
You have extremely tough skin. (AC +3)


Message History

* * * LOW HITPOINT WARNING * * *
You see here a moth of wrath corpse.
You barely miss the spriggan defender.
The spriggan defender is severely wounded.
The spriggan defender is engulfed in blazing flames.
The spriggan defender barely misses you.
Unknown command.
The spriggan defender is engulfed in blazing flames.
The spriggan defender hits you but does no damage.
The spriggan defender is engulfed in blazing flames.
The spriggan defender hits you with a +1 flail of protection!
* * * LOW HITPOINT WARNING * * *
You feel more protected from physical attacks.
The Enchantress closely misses you.
Unknown command.
You barely miss the spriggan defender.
The spriggan defender is almost dead.
The spriggan defender is engulfed in blazing flames.
The spriggan defender hits you with a +1 flail of protection!!!
You die...

#.......P.P# #....'.........#*
###......### #....#####.....+)
###...## ##....# ########
#....####.....#####∩∩∩#...
#.............'..†.∩.∩'...
#.............#####∩∩∩#...
*******##########################
,,,,,,,,♣..♣..♣†.♣..♣..♣..♣..♣..♣
,,,,,,,,.......i@°○......))......
,,,,,,,,♣..♣..♣i.♣..♣..♣..♣).♣..♣
*++++******######################
,,,,,,* ******,,,,,*****,,,
,,,,,,*********,,,,,,,,,,,,,,,,,,
*,,,,,,,,,,,,,,,,,,,,,,,,,,,,,,,,
*,,,,,,,,,,,,,,,,,,,,,,,,,,,,,,,,
*,,,,,,,,,,,,,,******,,,,,****,,,
*,,,,,,,,,,,,,,* ******* ****


You could see the Enchantress (invisible) and a spriggan defender (berserk).

Vanquished Creatures
  Agnes (D)
  2 ghost moths (D)
  3 spriggan defenders (D)
  3 spriggan berserkers (D)
  3 spriggan druids (D)
  19 oklob plants (D)
  3 moths of wrath (D)
  2 demonic crawlers (D)
  A queen bee (D)
  3 burning bushes (D)
  5 hornets (D)
  3 wandering mushrooms (D)
  2 scorpions (D)
  3 killer bees (D)
  5 oklob saplings (D)
  2 worker ants (D)
  5 spriggans (D)
  A river rat (D)
  A rat (D)
  3 ballistomycetes (D)
  A ballistomycete spore (D)
  A bush (D)
72 creatures vanquished.

Vanquished Creatures (collateral kills)
  A spriggan druid (D)
  A demonic crawler (D)
  A queen bee (D)
  A hornet (D)
  2 spriggans (D)
  A killer bee (D)
7 creatures vanquished.

Vanquished Creatures (others)
  A hornet (D)
  A spriggan (D)
  A ballistomycete spore (D)
  A bush (D)
  7 fungi (D)
11 creatures vanquished.

Grand Total: 90 creatures vanquished

Notes
Turn   | Place    | Note
-------+----------+-------------------------------------------
     0 | D        | nuthulu the Troll Monk began the quest for the Orb.
     0 | D        | Reached XP level 1. HP: 22/22 MP: 0/0
    23 | D        | Reached XP level 2. HP: 17/31 MP: 1/1
    55 | D        | Noticed an oklob sapling
    59 | D        | Killed an oklob sapling
    59 | D        | Reached skill level 4 in Unarmed Combat
    59 | D        | Reached XP level 3. HP: 23/39 MP: 2/2
   192 | D        | Found the amulet of invisibility {+Inv}
   196 | D        | Reached skill level 5 in Unarmed Combat
   229 | D        | Found an opulent altar of Gozag.
   229 | D        | Found a hazy altar of Hepliaklqana.
   229 | D        | Found a burning altar of Makhleb.
   229 | D        | Found a roughly hewn altar of Beogh.
   229 | D        | Found a sparkling altar of Nemelex Xobeh.
   229 | D        | Found a snail-covered altar of Cheibriados.
   229 | D        | Found a sacrificial altar of Ru.
   229 | D        | Found a deep blue altar of Sif Muna.
   229 | D        | Found a shimmering altar of Xom.
   229 | D        | Found a basalt altar of Yredelemnul.
   230 | D        | Found a viscous altar of Jiyva.
   230 | D        | Found a bloodstained altar of Trog.
   230 | D        | Found an ornate altar of the Wu Jian Council.
   230 | D        | Noticed an oklob sapling priest
   231 | D        | Found an iron altar of Okawaru.
   231 | D        | Found a shadowy altar of Dithmenos.
   231 | D        | Found a glowing silver altar of Zin.
   232 | D        | Found an ancient bone altar of Kikubaaqudgha.
   232 | D        | Found a hide-covered altar of Uskayaw.
   233 | D        | Found a stormy altar of Qazlal.
   233 | D        | Found a white marble altar of Elyvilon.
   233 | D        | Found a glowing golden altar of the Shining One.
   234 | D        | Found a corrupted altar of Lugonu.
   234 | D        | Found a radiant altar of Vehumet.
   240 | D        | Killed an oklob sapling priest
   240 | D        | Reached skill level 5 in Fighting
   240 | D        | Reached skill level 5 in Dodging
   240 | D        | Reached skill level 6 in Unarmed Combat
   240 | D        | Reached XP level 4. HP: 50/50 MP: 0/3
   245 | D        | Became a worshipper of Qazlal Stormbringer
   245 | D        | Reached * piety under Qazlal
   245 | D        | Reached ** piety under Qazlal
   273 | D        | Reached XP level 5. HP: 48/57 MP: 4/4
   297 | D        | Reached skill level 7 in Unarmed Combat
   419 | D        | Found Kotyseex's Armour Shop.
   419 | D        | Found Iby Fokk's Antique Weapon Emporium.
   434 | D        | Noticed a burning bush
   434 | D        | Noticed a wandering mushroom
   465 | D        | Noticed a wandering mushroom
   466 | D        | Killed a wandering mushroom
   466 | D        | Reached *** piety under Qazlal
   466 | D        | Reached skill level 8 in Unarmed Combat
   466 | D        | Reached XP level 6. HP: 55/68 MP: 4/7
   505 | D        | Killed a wandering mushroom
   505 | D        | Reached XP level 7. HP: 65/78 MP: 7/9
   535 | D        | Killed a burning bush
   535 | D        | Reached skill level 9 in Unarmed Combat
   535 | D        | Reached skill level 5 in Invocations
   638 | D        | Found Laep Ena's Distillery.
   638 | D        | Found Vuplelae's Antique Armour Shoppe.
   643 | D        | Bought an embroidered robe for 96 gold pieces
   689 | D        | Reached **** piety under Qazlal
   702 | D        | Noticed a queen bee
   718 | D        | Killed a queen bee
   726 | D        | Reached XP level 8. HP: 77/89 MP: 4/11
   731 | D        | Reached skill level 10 in Unarmed Combat
   792 | D        | Noticed an oklob plant
   803 | D        | Killed an oklob plant
   803 | D        | Reached ***** piety under Qazlal
   859 | D        | Noticed a burning bush
   867 | D        | Killed a burning bush
   945 | D        | Noticed a wandering mushroom
   945 | D        | Noticed a burning bush
   945 | D        | Noticed an oklob plant
   949 | D        | Killed a burning bush
   949 | D        | Reached skill level 1 in Shields
   949 | D        | Reached skill level 11 in Unarmed Combat
  1053 | D        | Reached XP level 9. HP: 86/100 MP: 13/13
  1328 | D        | Killed an oklob plant
  1366 | D        | Noticed a spriggan druid
  1376 | D        | Killed a spriggan druid
  1376 | D        | Reached skill level 10 in Fighting
  1376 | D        | Reached skill level 10 in Dodging
  1388 | D        | Paralysed by a hornet for 3 turns
  1518 | D        | Noticed an oklob plant conjurer
  1521 | D        | Killed an oklob plant conjurer
  1521 | D        | Reached skill level 12 in Unarmed Combat
  1676 | D        | Noticed an oklob plant
  1676 | D        | Noticed an oklob plant summoner
  1679 | D        | Noticed Agnes
  1682 | D        | Noticed a spriggan berserker
  1689 | D        | Noticed a polar bear
  1693 | D        | Noticed a death yak
  1703 | D        | Killed a spriggan berserker
  1703 | D        | Reached XP level 10. HP: 96/111 MP: 1/15
  1720 | D        | Killed Agnes
  1720 | D        | Reached skill level 5 in Shields
  1844 | D        | Noticed an oklob plant shifter
  1850 | D        | Found Ateoc's Book Emporium.
  1855 | D        | Found Xoplutoc's Book Shoppe.
  1870 | D        | Noticed a spriggan defender
  1889 | D        | Killed a spriggan defender
  1889 | D        | Reached skill level 13 in Unarmed Combat
  1889 | D        | Reached skill level 10 in Invocations
  1957 | D        | Noticed a spriggan rider
  1964 | D        | Got a translucent silver ring
  1969 | D        | Identified the ring "Boek" {rElec Str+3 SInv} (You found it
                  | in the Dungeon)
  2029 | D        | Noticed a moth of wrath
  2037 | D        | Killed a moth of wrath
  2108 | D        | Noticed a ghost moth
  2133 | D        | Killed a ghost moth
  2133 | D        | Reached XP level 11. HP: 75/120 MP: 1/18
  2259 | D        | Found Has Adyo's Food Boutique.
  2259 | D        | Found Hegoik's Magic Scroll Emporium.
  2259 | D        | Found Nilliret's Jewellery Shoppe.
  2281 | D        | Noticed an oklob plant meteorologist
  2441 | D        | Killed an oklob plant
  2448 | D        | Killed an oklob plant summoner
  2451 | D        | Killed an oklob plant shifter
  2495 | D        | Noticed a spriggan rider
  2527 | D        | Reached ****** piety under Qazlal
  2584 | D        | Found Juanaw's Armour Emporium.
  2585 | D        | Found Faidwa's Assorted Antiques.
  2644 | D        | Noticed a spriggan rider
  2656 | D        | Killed a spriggan rider
  2656 | D        | Reached skill level 14 in Unarmed Combat
  2765 | D        | Noticed an oklob plant shifter
  2778 | D        | Noticed an oklob plant summoner
  2779 | D        | Found Zusech's Antique Weapon Emporium.
  2780 | D        | Found Nogaibb's Antique Weapon Shop.
  2785 | D        | Killed an oklob plant summoner
  2787 | D        | Noticed a spriggan berserker
  2788 | D        | Noticed an oklob plant annihilator
  2789 | D        | Killed a spriggan berserker
  2845 | D        | Found Lifyjedgh's Armour Shoppe.
  2845 | D        | Found Rejied's Food Boutique.
  2845 | D        | Found Mamuus's General Store.
  2846 | D        | Found Tynner's Assorted Antiques.
  2846 | D        | Found Fallakluru's General Store.
  2846 | D        | Found Gouqesho's Armour Shoppe.
  2846 | D        | Found Ixzuasok's Magic Scroll Shop.
  2846 | D        | Found Tossoamn's Antique Weapon Boutique.
  2848 | D        | Noticed an oklob plant
  2849 | D        | Noticed an oklob plant
  2850 | D        | Noticed an oklob plant
  2851 | D        | Noticed an oklob plant
  2852 | D        | Noticed an oklob plant
  2853 | D        | Noticed an oklob plant
  2901 | D        | Bought a potion of heal wounds for 60 gold pieces
  2905 | D        | Bought a potion of heal wounds for 50 gold pieces
  2908 | D        | Bought a scroll of fog for 28 gold pieces
  2908 | D        | Bought a scroll of magic mapping for 49 gold pieces
  2911 | D        | Noticed an oklob plant
  2912 | D        | Killed an oklob plant
  2912 | D        | Killed an oklob plant
  2912 | D        | Killed an oklob plant
  2912 | D        | Killed an oklob plant
  2912 | D        | Killed an oklob plant
  2914 | D        | Killed an oklob plant
  2982 | D        | Noticed an oklob plant
  2983 | D        | Noticed an oklob plant
  2984 | D        | Noticed an oklob plant
  2985 | D        | Killed an oklob plant
  2985 | D        | Killed an oklob plant
  2986 | D        | Killed an oklob plant
  2986 | D        | Reached XP level 12. HP: 105/133 MP: 12/20
  3137 | D        | Noticed a spriggan defender
  3151 | D        | Killed a spriggan defender
  3151 | D        | Reached skill level 15 in Unarmed Combat
  3180 | D        | Noticed a spriggan defender
  3191 | D        | Killed a spriggan defender
  3191 | D        | Reached skill level 10 in Shields
  3399 | D        | Noticed a ghost moth
  3411 | D        | Killed a ghost moth
  3557 | D        | Noticed a spriggan defender
  3571 | D        | Identified the +3 faerie dragon scales {+Blink rCorr Int+2
                  | Dex+5 Stlth-}
  3571 | D        | Noticed the Enchantress
  3574 | D        | HP: 4/136 [spriggan defender/+1 flail of protection (41)]
  3580 | D        | Annihilated by a spriggan defender

Skill      XL: |  1  2  3  4  5  6  7  8  9 10 11 12 |
---------------+-------------------------------------+-----
Fighting       | 3 5 6 7 8 9 10 11 12 13 | 13.6
Dodging        | 3 5 6 7 8 9 10 11 12 13 | 13.6
Unarmed Combat | 4 6 8 9 11 12 13 14 15 | 15.7
Invocations    | 2 4 5 7 9 10 12 13 | 13.2
Shields        | 1 4 7 9 10 | 10.6
Stealth        | |  1.0

Action                   |  1- 3 |  4- 6 |  7- 9 | 10-12 || total
-------------------------+-------+-------+-------+-------++-------
Melee: Unarmed           |    25 |    27 |    73 |   177 ||   302
       Punch             |     1 |       |     4 |       ||     5
Invok: Elemental Force   |       |       |     2 |     5 ||     7
       Disaster Area     |       |       |     3 |     6 ||     9
 Abil: Evoke Invisibilit |     1 |       |     1 |     1 ||     3
  Use: Potion            |       |       |     3 |     5 ||     8
       Scroll            |       |       |       |     1 ||     1
 Stab: Invisible         |     1 |       |       |     1 ||     2
       Sleeping          |     1 |       |       |       ||     1
  Eat: Chunk             |     4 |     1 |     2 |    13 ||    20
       Ration            |       |       |     2 |     2 ||     4
Armor: Robe              |     5 |     3 |     6 |    14 ||    28
Dodge: Dodged            |     7 |    14 |    14 |    54 ||    89
       Deflected         |       |       |     8 |     8 ||    16
Block: Other             |       |     1 |     6 |       ||     7
       Shield            |       |       |    23 |   137 ||   160
       Reflection        |       |       |     2 |     6 ||     8
